AoeStats
← Law_Enforcer12

Black Forest

506809949Analyzed
2v2 RM · 18d ago on Sep 15, 2026· 32m 22s· 4 players
Game mode
Random Map
Map size
Medium (4 player)
Population
200
Speed
Normal
Resources
Standard
Victory
Conquest
Starting age
Dark Age
Ending age
Imperial Age
RankedLock teamsTeams togetherTeam positionsShared explorationLock speedFull tech treeHidden civsTurbo modeCheats
Victory
Defeat
🇨🇳 Huns · China
576
+20
🇬🇧 Magyars · United Kingdom
474
+24
🇳🇿 Portuguese · New Zealand
771
-79
🇳🇿 Khmer · New Zealand
570
-19
牛人玩牛牛游!
11:49 Feudal Age
12:25 Double-Bit Axe
12:22 Horse Collar
12:34 Gold Mining
12:34 Stone Mining
15:34 Wheelbarrow
20:04 Stone Mining
23:51 Castle Age
24:32 Heavy Plow
26:55 Gold Shaft Mining
27:10 Bow Saw
31:31 Hand Cart
31:39 Husbandry
31:49 Bloodlines
deano earlhs
0:43 Loom
14:04 Feudal Age
14:54 Double-Bit Axe
16:09 Wheelbarrow
15:48 Horse Collar
19:50 Scale Barding Armor
24:12 Castle Age
22:49 Bloodlines
24:52 Light Cavalry
26:56 Bow Saw
28:16 Husbandry
30:32 Corvinian Army
Law_Enforcer12
14:48 Feudal Age
15:14 Horse Collar
26:21 Castle Age
26:49 Forging
26:29 Fletching
26:40 Padded Archer Armor
26:40 Scale Mail Armor
26:47 Scale Barding Armor
yacob
15:31 Feudal Age
16:32 Horse Collar
18:01 Wheelbarrow
17:13 Double-Bit Axe
27:33 Castle Age
26:12 Gold Mining
26:13 Stone Mining
28:45 Heavy Plow
28:57 Bow Saw
31:10 Hand Cart
30:38 Pikeman
30:38 Man-at-Arms
Connection lost

Rejoining the realm…

Still unreachable

The connection could not be restored.

Session expired

The server has moved on; the page needs a fresh start.